 Dungeon Crawl Stone Soup version 0.24-a0-381-g637bb38 (webtiles) character file.

Game seed: 14230062708242429384

31137 robertstho the Protected (level 13, -4/119 HPs)
             Began as a Minotaur Berserker on June 3, 2019.
             Was a High Priest of Trog.
             Slain by a death yak (51 damage)
             ... led by a torpor snail
             ... on level 6 of the Lair of Beasts.
             The game lasted 00:28:36 (11712 turns).

robertstho the Protected (Minotaur Berserker)      Turns: 11712, Time: 00:28:37

Health: -4/119     AC: 22    Str: 30    XL:     13   Next: 24%
Magic:  12/12      EV: 11    Int:  4    God:    Trog [*****.]
Gold:   871        SH:  0    Dex: 10    Spells: 12/12 levels left

rFire    . . .     SeeInvis .   W - +7 hand axe of a volcano {drain, Stlth+}
rCold    + . .     Gourm    +   (no shield)
rNeg     . . .     Faith    .   t - +0 plate armour {rC+}
rPois    .         Spirit   .   V - +2 hat {MR+}
rElec    .         Reflect  .   (no cloak)
rCorr    +         Harm     .   C - +1 pair of gloves
MR       +....                  G - +0 pair of boots
Stlth    ..........             k - amulet of the gourmand
HPRegen  0.29/turn              I - +3 ring of strength
MPRegen  0.13/turn              E - ring of resist corrosion

@: sleeping, slowed
A: retaliatory headbutt, horns 2
a: Berserk, Trog's Hand, Brothers in Arms, Renounce Religion


You were on level 6 of the Lair of Beasts.
You worshipped Trog.
Trog was extremely pleased with you.
You were very full.

You visited 2 branches of the dungeon, and saw 15 of its levels.
You also visited: Gauntlet.

You collected 1183 gold pieces.
You spent 312 gold pieces at shops.

Inventory:

Hand Weapons
 M - the +2 long sword "Agauto" {flame, rC+}
   (You found it on level 8 of the Dungeon)

   It has been specially enchanted to burn those struck by it, causing extra
   injury to most foes and up to half again as much damage against particularly
   susceptible opponents.
   Big, fiery blades are also staple armaments of hydra-hunters.
   It protects you from cold.
 T - a +4 scimitar of flaming
 U - a +0 broad axe
 W - the +7 hand axe of a volcano (weapon) {drain, Stlth+}
   (You found it in a Gauntlet)

   A truly terrible weapon, it drains the life of those it strikes.
   It makes you more stealthy.
Missiles
 g - 23 poisoned darts (quivered)
 w - 19 curare-tipped darts
Armour
 t - a +0 plate armour of cold resistance (worn)
 C - a +1 pair of gloves (worn)
 G - a +0 pair of boots (worn)
 P - a +3 scale mail of poison resistance
 V - a +2 hat of magic resistance (worn)
Jewellery
 b - an uncursed ring of see invisible
 k - an amulet of the gourmand (around neck)
 l - an uncursed ring of ice
 B - an uncursed ring of protection from fire
 E - a ring of resist corrosion (right hand)
 I - a +3 ring of strength (left hand)
 K - an uncursed ring of protection from magic
 Z - a +5 ring of strength
Wands
 O - a wand of scattershot (4)
 Q - a wand of disintegration (9)
 S - a wand of iceblast (24)
 X - a wand of flame (11)
 Y - a wand of polymorph (10)
Scrolls
 d - 6 scrolls of teleportation
 e - 2 scrolls of fog
 f - 2 scrolls of immolation {unknown}
 i - 2 scrolls of enchant weapon {unknown}
 m - 6 scrolls of remove curse
 n - 3 scrolls of fear
 p - 2 scrolls of blinking
 r - 4 scrolls of magic mapping
 s - 4 scrolls of enchant armour
 y - a scroll of identify
 F - 2 scrolls of summoning
 N - a scroll of silence
Potions
 a - a potion of might {unknown}
 h - a potion of resistance
 j - 2 potions of ambrosia
 o - 2 potions of mutation
 q - 5 potions of curing
 u - 4 potions of flight
 v - 2 potions of lignification
 x - 4 potions of heal wounds
 z - a potion of haste {unknown}
 D - 2 potions of agility
 J - a potion of cancellation
Miscellaneous
 H - a phantom mirror
Comestibles
 c - 22 rations
 A - 33 chunks of flesh


   Skills:
 + Level 12.4 Fighting
 + Level 12.5 Long Blades
 + Level 13.1 Axes
 + Level 3.2 Throwing
 + Level 13.1 Armour
 + Level 6.6 Dodging
 + Level 3.4 Stealth


You had 12 spell levels left.
You didn't know any spells.
Your spell library was empty.

Dungeon Overview and Level Annotations

Branches:
Dungeon (9/15)             Temple (0/1) D:5            Lair (6/6) D:8
  Swamp (0/4) Lair:3        Snake (0/4) Lair:3        Slime (0/5) Lair:5
    Orc: D:9-12

Altars:
Cheibriados
Dithmenos
Elyvilon
Fedhas
Gozag
Kikubaaqudgha
Nemelex Xobeh
Ru
Vehumet
Wu Jian
Xom
Yredelemnul

Shops:
D:6 !   D:7 %

Annotations:
D:7 5 runed translucent doors
D:8 3 runed translucent doors, Fester420's ghost, novice TrBe
Lair:2 3 runed translucent doors, LogicNinja's ghost, journeyman DEFE


Innate Abilities, Weirdness & Mutations

You reflexively headbutt those who attack you in melee.
You have a pair of horns on your head.


Message History

The death yak bellows!
The dream sheep bleats!
A dream sheep comes into view.
The dream sheep bleats!
The dream sheep shake their wool and sparkle.
You feel drowsy...
You fall asleep.
A torpor snail comes into view.
Being near the torpor snail leaves you feeling lethargic.
The death yak barely misses you.
You wake up.
The dream sheep closely misses you.
The dream sheep are wreathed in dream dust.
You feel drowsy...
You fall asleep.
The death yak gores you!!!
You wake up.
The dream sheep bites you but does no damage.
The death yak gores you but does no damage.
Some of the chunks of flesh in your inventory have rotted away.
Your two-headed ogre goes berserk!
The dream sheep shake their wool and sparkle.
You feel drowsy...
You fall asleep.
The death yak gores you!!!
You die...

#...............
...............#.
#............#...
..........w...#
#...........#
..........Y##
.........YYY#
.........#Y##
..........@##
#.......O...##
.#.....(.....#
............P#
............##
P............#### #
....#........#..####.##
##...............#....##
P.......!.........#....###


You could see a death yak, a torpor snail, 4 dream sheep and a friendly
two-headed ogre (berserk).

Vanquished Creatures
  Gastronok (Lair:2)
  A minotaur (Gauntlet)
  Harold (Lair:1)
  A hydra (Lair:3)
  A catoblepas (Gauntlet)
  Erica (Lair:1)
  A two-headed ogre (D:8)
  Sonja (Lair:1)
  2 wizards (Gauntlet)
  5 elephants (Lair:6)
  A moth of wrath (Gauntlet)
  4 black mambas
  An eye of devastation (Lair:5)
  11 spiny frogs
  A gargoyle (Gauntlet)
  6 komodo dragons
  2 rime drakes
  A hornet (D:9)
  2 polar bears (Lair:6)
  3 bog bodies (Lair:3)
  11 blink frogs
  2 hippogriffs
  A basilisk (Lair:6)
  A wyvern (D:9)
  23 yaks
  Menkaure (D:5)
  A naga (Lair:3)
  2 swamp worms (Lair:3)
  13 water moccasins
  6 porcupines
  An eye of draining (Lair:5)
  3 orc warriors
  A necrophage (D:6)
  2 black bears (Lair:6)
  17 wolves
  4 ogres
  12 crocodiles
  6 bullfrogs
  2 scorpions (D:8)
  7 wights (D:7)
  An electric eel (Lair:3)
  A crimson imp (D:6)
  3 jellies
  A hound (D:7)
  2 centaur skeletons (D:6)
  4 orc priests
  8 orc wizards
  A bullfrog skeleton (D:6)
  2 worker ants
  A hound skeleton (D:6)
  A worker ant zombie (D:8)
  3 gnolls (D:4)
  8 adders
  3 shadow imps
  2 white imps (Gauntlet)
  2 oozes
  An adder skeleton (D:7)
  3 adder zombies (D:6)
  5 worms
  3 dart slugs
  3 leopard geckos
  32 orcs
  2 ball pythons
  5 giant cockroaches
  7 goblins
  7 hobgoblins
  5 quokkas
  4 bats
  6 frilled lizards
  A giant cockroach zombie (D:5)
  A jackal zombie (D:6)
  8 kobolds
  3 quokka skeletons
  14 rats
  A spectral orc (D:4)
  A plant (Lair:3)
318 creatures vanquished.

Vanquished Creatures (collateral kills)
  A komodo dragon (Lair:3)
  A hippogriff (D:9)
  3 nagas (Lair:3)
  A porcupine (Lair:3)
6 creatures vanquished.

Vanquished Creatures (others)
  A swamp worm (Lair:3)
  A shadow imp (Gauntlet)
  A fungus (Gauntlet)
  8 plants
11 creatures vanquished.

Grand Total: 335 creatures vanquished

Notes
Turn   | Place    | Note
-------+----------+-------------------------------------------
     0 | D:1      | robertstho the Minotaur Berserker began the quest for the
                  | Orb.
     0 | D:1      | Reached XP level 1. HP: 19/19 MP: 0/0
   268 | D:1      | Reached XP level 2. HP: 25/27 MP: 1/1
   792 | D:2      | Reached ** piety under Trog
   792 | D:2      | Reached XP level 3. HP: 31/33 MP: 2/2
  1049 | D:2      | Reached XP level 4. HP: 26/41 MP: 3/3
  1117 | D:2      | Reached skill level 5 in Axes
  1801 | D:3      | Reached XP level 5. HP: 36/47 MP: 4/4
  1827 | D:3      | Reached *** piety under Trog
  2284 | D:4      | Found a white marble altar of Elyvilon.
  2331 | D:4      | Found a basalt altar of Yredelemnul.
  2419 | D:4      | Noticed an ogre
  2425 | D:4      | Killed an ogre
  2425 | D:4      | Reached XP level 6. HP: 50/55 MP: 5/5
  2497 | D:4      | Found an ancient bone altar of Kikubaaqudgha.
  2569 | D:4      | Reached skill level 5 in Fighting
  2710 | D:5      | Entered Level 5 of the Dungeon
  2725 | D:5      | Noticed Menkaure
  2737 | D:5      | Killed Menkaure
  2929 | D:5      | Reached XP level 7. HP: 56/61 MP: 6/6
  2985 | D:5      | Reached skill level 5 in Armour
  3129 | D:5      | Found a sparkling altar of Nemelex Xobeh.
  3487 | D:5      | Found a staircase to the Ecumenical Temple.
  4065 | D:6      | Reached skill level 1 in Stealth
  4192 | D:6      | Reached XP level 8. HP: 67/70 MP: 7/7
  4198 | D:6      | Reached **** piety under Trog
  4368 | D:6      | Found Atheoh's Distillery.
  4381 | D:6      | Bought a potion of curing for 39 gold pieces
  4381 | D:6      | Bought a potion of degeneration for 13 gold pieces
  4381 | D:6      | Bought a potion of flight for 39 gold pieces
  4381 | D:6      | Bought a potion of heal wounds for 65 gold pieces
  4381 | D:6      | Bought a potion of heal wounds for 65 gold pieces
  4381 | D:6      | Bought a potion of flight for 39 gold pieces
  4381 | D:6      | Bought a potion of agility for 52 gold pieces
  4745 | D:7      | Found the +9 staff of Olgreb {rPois}
  4748 | D:7      | Found a runed translucent door.
  4770 | D:7      | Found Rosin's Food Shop.
  4811 | D:7      | Found a runed translucent gate.
  4812 | D:7      | Found a runed translucent gate.
  4821 | D:7      | Found a runed translucent gate.
  4832 | D:7      | Found a runed translucent door.
  5196 | D:7      | Found an ornate altar of the Wu Jian Council.
  5226 | D:7      | Reached skill level 10 in Axes
  5381 | D:8      | Noticed a hippogriff
  5390 | D:8      | Killed a hippogriff
  5390 | D:8      | Reached XP level 9. HP: 64/79 MP: 8/8
  5505 | D:8      | Found a runed translucent gate.
  5505 | D:8      | Found a runed translucent gate.
  5505 | D:8      | Found a runed translucent gate.
  5506 | D:8      | Found an opulent altar of Gozag.
  5558 | D:8      | Found a shadowy altar of Dithmenos.
  5563 | D:8      | Found a radiant altar of Vehumet.
  5610 | D:8      | Found a blossoming altar of Fedhas.
  5640 | D:8      | Noticed a two-headed ogre
  5647 | D:8      | Killed a two-headed ogre
  5660 | D:8      | Noticed Fester420's ghost (novice TrBe)
  5705 | D:8      | Found a snail-covered altar of Cheibriados.
  5720 | D:8      | Got an ancient long sword
  5721 | D:8      | Identified the +2 long sword "Agauto" {flame, rC+} (You
                  | found it on level 8 of the Dungeon)
  5806 | D:8      | Found a staircase to the Lair.
  5806 | D:8      | Noticed a komodo dragon
  5943 | D:9      | Found a sacrificial altar of Ru.
  5948 | D:9      | Found a shimmering altar of Xom.
  5957 | D:9      | Reached skill level 1 in Long Blades
  5985 | D:9      | Reached XP level 10. HP: 51/90 MP: 9/9
  6065 | Lair:1   | Entered Level 1 of the Lair of Beasts
  6076 | Lair:1   | Noticed a spiny frog
  6079 | Lair:1   | Noticed Harold
  6083 | Lair:1   | Killed a spiny frog
  6093 | Lair:1   | Killed Harold
  6093 | Lair:1   | Reached skill level 10 in Armour
  6143 | Lair:1   | Noticed a spiny frog
  6149 | Lair:1   | Killed a spiny frog
  6302 | Lair:1   | Noticed a spiny frog
  6308 | Lair:1   | Killed a spiny frog
  6587 | Lair:1   | Noticed Sonja
  6600 | Lair:1   | HP: 6/136 [disintegration (12)]
  6601 | Lair:1   | Killed Sonja
  6601 | Lair:1   | Reached skill level 5 in Long Blades
  6601 | Lair:1   | Reached skill level 1 in Throwing
  6809 | Lair:1   | Noticed Erica
  6818 | Lair:1   | Killed Erica
  6831 | Lair:1   | Identified a scroll of acquirement
  6968 | Lair:1   | Noticed a black mamba
  6973 | Lair:1   | Killed a black mamba
  7132 | Lair:2   | Noticed Gastronok
  7156 | Lair:2   | Killed Gastronok
  7156 | Lair:2   | Reached XP level 11. HP: 88/99 MP: 10/10
  7376 | Lair:2   | Found a runed translucent gate.
  7376 | Lair:2   | Found a runed translucent gate.
  7376 | Lair:2   | Found a runed translucent gate.
  7377 | Lair:2   | Noticed LogicNinja's ghost (journeyman DEFE)
  7523 | Lair:2   | Reached skill level 10 in Fighting
  7824 | Lair:3   | Found a staircase to the Snake Pit.
  7875 | Lair:3   | Found a staircase to the Swamp.
  8052 | Lair:3   | Reached skill level 5 in Dodging
  8093 | Lair:3   | HP: 4/101 [komodo dragon (26)]
  8124 | Lair:3   | Reached skill level 10 in Long Blades
  8264 | Lair:3   | Noticed a six-headed hydra
  8270 | Lair:3   | Killed a three-headed hydra
  8270 | Lair:3   | Reached XP level 12. HP: 103/108 MP: 11/11
  8875 | Lair:4   | Reached ***** piety under Trog
  8945 | Lair:4   | Found a gate leading to a gauntlet.
  8955 | Gauntlet | Entered a Gauntlet
  8955 | Gauntlet | Found a transporter.
  8955 | Gauntlet | Found a transporter.
  8955 | Gauntlet | Found a transporter.
  9342 | Gauntlet | Found a transporter.
  9343 | Gauntlet | Found a transporter.
  9346 | Gauntlet | Found a transporter.
  9351 | Gauntlet | Noticed a tengu warrior
  9353 | Gauntlet | Found a transporter.
  9353 | Gauntlet | Noticed a catoblepas
  9356 | Gauntlet | Found a transporter.
  9357 | Gauntlet | Found a transporter.
  9358 | Gauntlet | Found a transporter.
  9366 | Gauntlet | Found a transporter.
  9369 | Gauntlet | Found a transporter.
  9389 | Gauntlet | Found a runed translucent door.
  9602 | Gauntlet | Killed a catoblepas
  9612 | Gauntlet | Got a blackened hand axe
  9613 | Gauntlet | Identified the +7 hand axe of a volcano {drain, Stlth+}
                  | (You found it in a Gauntlet)
 10075 | Gauntlet | Noticed a minotaur
 10081 | Gauntlet | Killed a minotaur
 10766 | Lair:5   | Found a staircase to the Slime Pits.
 11272 | Lair:6   | Entered Level 6 of the Lair of Beasts
 11497 | Lair:6   | Reached XP level 13. HP: 109/118 MP: 12/12
 11712 | Lair:6   | Slain by a death yak

Levels and vault maps discovered:
D:1:      minmay_arrival_split_and_join, layout_loops_ring
D:2:      layout_loops_ring
D:3:      layout_basic, first_ration
D:4:      layout_cave_pools, nicolae_overflow_crystal_walls,
          yredelemnul_forgotten_temple_becter, elyvilon_altar_4
D:5:      layout_basic, nemelex_altar_shiori, minmay_temple_entry_glass,
          uniq_menkaure
D:6:      layout_basic, serial_undead, serial_undead_c, serial_undead_d,
          serial_undead_d, serial_undead_b, serial_shops,
          nicolae_shop_behind_doors, uniq_duvessa, uniq_pikel, uniq_eustachio
D:7:      layout_loops_ring, lemuel_doored_altar, serial_shops,
          nicolae_shop_trees, minmay_guarded_unrand_staff_of_olgreb
D:8:      layout_rooms, marbit_many_paths, kennysheep_mini,
          grunt_temple_overflow_open, david_lair_shrubbed, ebering_ghost_gozag
D:9:      layout_irregular_city, kennysheep_mini_moat,
          nicolae_gozag_seed_capital, basic_altar,
          hangedman_little_slice_of_home
Lair:1:   layout_misc_corridors, grunt_megastairs_5, uniq_sonja, uniq_erica,
          uniq_harold
Lair:2:   layout_hall_layers, gammafunk_ghost_necromancy, lemuel_fruit_tree,
          uniq_gastronok
Lair:3:   statuecave_lemuel, layout_small_grid,
          nicolae_swamp_entry_splash_gauntlet,
          minmay_snake_entry_guardpost_small, infiniplex_staircase_pool
Lair:4:   layout_roguey, nicolae_volcano_entry_two_sided,
          gauntlet_entry_generic, serial_bayou_shore_b
Lair:5:   layout_loops_ring, minmay_slime_entry_eyes, lemuel_fruit_fields,
          grunt_megastairs_3
Lair:6:   grunt_lair_end_beastmaster, layout_hall_layers, grunt_megastairs_2

Skill      XL: |  1  2  3  4  5  6  7  8  9 10 11 12 13 |
---------------+----------------------------------------+-----
Axes           | 4 5 6 8 10 11 12 13 | 13.1
Fighting       | 4 5 7 8 9 10 12 | 12.4
Dodging        | 3 4 5 6 |  6.6
Armour         | 3 4 6 7 9 11 12 13 | 13.1
Stealth        | 1 2 3 |  3.4
Long Blades    | 1 7 10 12 | 12.5
Throwing       | 1 3 |  3.2

Action                   |  1- 3 |  4- 6 |  7- 9 | 10-12 | 13-15 || total
-------------------------+-------+-------+-------+-------+-------++-------
Melee: Hand axe          |    75 |   141 |   252 |   137 |    72 ||   677
       Headbutt          |    10 |    30 |    67 |   139 |    18 ||   264
       Long sword        |       |       |    23 |   266 |       ||   289
Throw: Dart              |       |       |       |    17 |       ||    17
Invok: Berserk           |     2 |     3 |     6 |    11 |       ||    22
       Trog's Hand       |       |     1 |     1 |     6 |       ||     8
       Brothers in Arms  |       |       |     1 |     3 |     1 ||     5
  Use: Scroll            |       |       |     6 |    17 |       ||    23
       Potion            |       |       |       |     5 |       ||     5
 Stab: Sleeping          |     2 |       |       |     1 |       ||     3
       Invisible         |       |       |       |     2 |       ||     2
  Eat: Chunk             |     1 |    11 |    23 |    33 |     1 ||    69
       Ration            |       |       |     1 |       |       ||     1
Armor: Animal skin       |    13 |     3 |       |       |       ||    16
       Chain mail        |       |    34 |    65 |     6 |       ||   105
       Plate armour      |       |       |    72 |    33 |    47 ||   152
       Scale mail        |       |       |       |    89 |       ||    89
Dodge: Dodged            |    40 |    57 |   120 |   208 |    50 ||   475
       Rpst.: Long sword |       |       |     6 |    42 |       ||    48

Table legend:
 A = Non-vault XP
 B = Vault XP
 C = Vault XP percentage of total XP
 D = Non-vault monster count
 E = Vault monster count
 F = Vault count percentage of total count
                 A         B        C        D         E       F
            +---------+---------+-------+---------+---------+-------
      Total |   30936 |   13546 |  30.5 |     278 |      47 |  14.5
            +---------+---------+-------+---------+---------+-------
        D:1 |      36 |       0 |   0.0 |      21 |       0 |   0.0
        D:2 |      86 |       0 |   0.0 |      30 |       0 |   0.0
        D:3 |     145 |       0 |   0.0 |      20 |       0 |   0.0
        D:4 |     228 |       1 |   0.4 |      17 |       1 |   5.6
        D:5 |     530 |     172 |  24.5 |      22 |       1 |   4.3
        D:6 |     536 |     137 |  20.4 |      19 |       7 |  26.9
        D:7 |     831 |       0 |   0.0 |      18 |       0 |   0.0
        D:8 |    1578 |      72 |   4.4 |      11 |       1 |   8.3
        D:9 |    1286 |       0 |   0.0 |      11 |       0 |   0.0
     Lair:1 |    2277 |    2940 |  56.4 |       7 |       4 |  36.4
     Lair:2 |    1730 |    2276 |  56.8 |      10 |       1 |   9.1
     Lair:3 |    6592 |    1580 |  19.3 |      31 |      11 |  26.2
     Lair:4 |    4017 |       0 |   0.0 |      22 |       0 |   0.0
     Lair:5 |    1410 |     730 |  34.1 |       4 |       3 |  42.9
     Lair:6 |    9654 |     534 |   5.2 |      35 |       3 |   7.9
   Gauntlet |       0 |    5104 | 100.0 |       0 |      15 | 100.0
            +---------+---------+-------+---------+---------+-------
